AoeStats
← Red Calypso

Arena

510319174Analyzed
4v4 RM · 1d ago on Sep 30, 2026· 44m 40s· 8 players
Game mode
Random Map
Map size
Large (8 player)
Population
200
Speed
Normal
Resources
Standard
Victory
Conquest
Starting age
Dark Age
Ending age
Imperial Age
RankedLock teamsTeams togetherTeam positionsShared explorationLock speedFull tech treeHidden civsTurbo modeCheats
Victory
Defeat
🇩🇪 Cumans · Germany
1438
+9
🇦🇹 Persians · Austria
1405
+10
🇩🇪 Turks · Germany
1292
+14
🇩🇪 Britons · Germany
1114
+21
🇺🇿 Saxons · Uzbekistan
1275
-14
🇳🇱 Malians · Netherlands
1268
-14
🇺🇸 Persians · United States
1254
-13
1241
-13
sj
10:15 Feudal Age
12:06 Double-Bit Axe
14:25 Castle Age
12:42 Double-Bit Axe
12:41 Horse Collar
14:09 Scale Barding Armor
15:56 Bow Saw
20:59 Chain Barding Armor
23:10 Heavy Plow
24:05 Forging
28:53 Wheelbarrow
32:27 Imperial Age
30:01 Loom
30:38 Gold Mining
31:25 Iron Casting
31:52 Bloodlines
31:42 Husbandry
33:33 Plate Barding Armor
32:25 Heavy Camel Rider
35:36 Two-Man Saw
35:08 Crop Rotation
35:14 Gold Shaft Mining
35:51 Coinage
37:05 Blast Furnace
38:06 Fletching
40:09 Banking
42:39 Cavalier
44:23 Bodkin Arrow
网恋被骗700块
10:56 Feudal Age
15:33 Castle Age
13:39 Double-Bit Axe
13:45 Horse Collar
18:40 Bow Saw
21:53 Loom
22:57 Wheelbarrow
26:47 Bloodlines
27:41 Husbandry
28:37 Gold Mining
28:48 Heavy Plow
29:07 Forging
29:03 Scale Barding Armor
31:56 Stone Mining
36:02 Imperial Age
33:52 Hand Cart
34:36 Pikeman
37:28 Iron Casting
36:54 Scale Mail Armor
37:11 Squires
39:07 Halberdier
40:04 Chain Mail Armor
41:24 Chain Barding Armor
44:39 Tower Shields
45:00 Conscription
karbid
9:56 Feudal Age
13:47 Castle Age
13:43 Scale Mail Armor
13:34 Double-Bit Axe
13:31 Horse Collar
14:06 Loom
14:33 Squires
36:13 Bow Saw
38:41 Wheelbarrow
38:55 Town Watch
Brandon
12:31 Feudal Age
16:00 Castle Age
14:12 Loom
14:43 Stone Mining
14:44 Double-Bit Axe
17:36 Bow Saw
17:34 Scale Mail Armor
17:45 Forging
18:18 Squires
18:03 Arson
22:04 Gold Mining
25:12 Treadmill Crane
25:54 Ballistics
25:26 Fletching
26:35 Town Watch
27:41 Chain Mail Armor
28:12 Iron Casting
35:21 Wheelbarrow
37:03 Hand Cart
38:35 Gold Shaft Mining
40:42 Imperial Age
38:53 Pikeman
42:03 Plate Mail Armor
44:10 Horse Collar
Red Calypso
10:34 Feudal Age
11:23 Loom
13:54 Castle Age
12:33 Double-Bit Axe
16:13 Bow Saw
17:12 Loom
17:47 Horse Collar
21:12 Loom
22:03 Bloodlines
22:56 Scale Barding Armor
26:03 Chain Barding Armor
27:01 Wheelbarrow
27:24 Heavy Plow
31:36 Imperial Age
29:53 Forging
29:46 Husbandry
30:04 Gold Mining
30:06 Stone Mining
31:17 Cavalier
33:22 Two-Man Saw
33:03 Plate Barding Armor
33:30 Iron Casting
34:21 Crop Rotation
35:27 Blast Furnace
36:12 Chemistry
34:40 Savar
36:34 Chemistry
36:28 Hand Cart
36:38 Conscription
37:00 Gold Shaft Mining
37:01 Stone Shaft Mining
37:40 Padded Archer Armor
38:59 Leather Archer Armor
38:07 Light Cavalry
39:04 Masonry
38:50 Murder Holes
38:54 Fletching
39:26 Ballistics
38:37 Capped Ram
40:02 Bodkin Arrow
43:48 Architecture
43:36 Citadels
44:57 Guilds
Maschndrohtzaun
8:37 Feudal Age
9:10 Double-Bit Axe
11:42 Horse Collar
14:16 Wheelbarrow
20:30 Castle Age
18:19 Town Watch
18:21 Loom
18:50 Scale Barding Armor
19:02 Forging
19:16 Bloodlines
20:02 Gold Mining
21:50 Bow Saw
21:42 Heavy Plow
22:05 Hand Cart
22:22 Chain Barding Armor
25:48 Capped Ram
28:14 Town Watch
35:47 Imperial Age
33:57 Gold Shaft Mining
33:21 Stone Mining
35:56 Iron Casting
35:51 Cavalier
35:55 Siege Ram
37:51 Blast Furnace
37:58 Paladin
39:44 Plate Barding Armor
39:22 Pikeman
40:02 Squires
40:03 Scale Mail Armor
39:39 Light Cavalry
40:43 Conscription
40:26 Steppe Husbandry
39:57 Halberdier
40:24 Arson
41:26 Guilds
41:48 Chain Mail Armor
42:27 Crop Rotation
44:17 Two-Man Saw
xxxDonPabloxxx
10:47 Feudal Age
11:48 Double-Bit Axe
14:38 Castle Age
13:12 Double-Bit Axe
14:29 Horse Collar
15:42 Bow Saw
22:16 Loom
_EA_Baer
10:51 Feudal Age
10:07 Loom
14:27 Castle Age
20:58 Double-Bit Axe
30:01 Imperial Age
33:14 Padded Archer Armor
45:38 Wheelbarrow
45:14 Bow Saw
Connection lost

Rejoining the realm…

Still unreachable

The connection could not be restored.

Session expired

The server has moved on; the page needs a fresh start.